 Dungeon Crawl Stone Soup version 0.31-a0-435-g2c6fae2916 (webtiles) character file.

Game seed: 14614191296259482695

1834 CraigForest the Spear-Bearer (level 9, -2/61 HPs)
             Began as a Formicid Fighter on Aug 2, 2023.
             Was a Follower of Hepliaklqana.
             Slain by a wyvern (4 damage)
             ... on level 6 of the Dungeon.
             The game lasted 00:17:22 (5225 turns).

CraigForest the Spear-Bearer (Formicid Fighter)     Turns: 5225, Time: 00:17:23

Health: -2/61      AC:  8    Str: 26    XL:     9   Next: 33%
Magic:  9/9        EV: 10    Int:  7    God:    Hepliaklqana [*.....]
Gold:   450        SH: 10    Dex: 13    Spells: 8/8 levels left

rFire   . . .        m - +0 scythe (freeze)
rCold   . . .        c - +0 buckler
rNeg    . . .        b - +0 scale mail
rPois   .            (helmet unavailable)
rElec   .            (no cloak)
rCorr   .            (no gloves)
SInv    +            y - +0 pair of boots
Will    .....        x - amulet of reflection Stlth
                     (no ring)
HPRegen 0.30/turn    (no ring)
MPRegen 0.11/turn

%: reflection
@: no status effects
A: reduced essence, permanent stasis, dig shafts and tunnels, antennae 3, four
strong arms
a: Dig, Shaft Self, Renounce Religion, Recall Ancestor, Ancestor Identity


You were on level 6 of the Dungeon.
You worshipped Hepliaklqana.
Hepliaklqana was aware of your devotion.
You visited 2 branches of the dungeon, and saw 7 of its levels.

You collected 450 gold pieces.

Inventory:

Hand Weapons
 a - a +1 trident
 l - a +1 long sword of holy wrath
 m - a +0 scythe of freezing (weapon)
 z - a +3 war axe
Missiles
 f - 2 poisoned darts
 w - 2 boomerangs
Armour
 b - a +0 scale mail (worn)
 c - a +0 buckler (worn)
 y - a +0 pair of boots (worn)
Magical Staves
 o - a staff of earth
Jewellery
 x - an amulet of reflection (around neck)
Wands
 s - a wand of paralysis (4)
Scrolls
 d - a scroll of fear
 g - a scroll of enchant weapon
 n - 3 scrolls of amnesia
 r - a scroll of enchant armour {unknown}
 t - a scroll of poison
 v - 2 scrolls of teleportation {unknown}
 A - a scroll of identify
Potions
 e - 2 potions of cancellation {unknown}
 h - a potion of curing
 i - a potion of haste {unknown}
 j - 3 potions of enlightenment
 k - 2 potions of heal wounds {unknown}
 p - 3 potions of attraction
 q - 2 potions of mutation {unknown}
 u - 2 potions of ambrosia


   Skills:
 + Level 5.2 Fighting
 * Level 9.4 Polearms
 + Level 6.2 Armour
 + Level 1.7 Dodging
 - Level 5.1 Shields


You had 8 spell levels left.
You didn't know any spells.
Your spell library contained the following spells:

 Spells                   Type           Power      Damage    Failure   Level
 Hailstorm                Conj/Ice       0%         3d3       98%         3
 Summon Ice Beast         Ice/Summ       0%         N/A       100%        4
 Simulacrum               Ice/Necr       0%         N/A       100%        6


Dungeon Overview and Level Annotations

Branches:
Dungeon (6/15)             Temple (1/1) D:5

Altars:
Ashenzari
Cheibriados
Dithmenos
Elyvilon
Fedhas
Gozag
Hepliaklqana
Kikubaaqudgha
Makhleb
Nemelex Xobeh
Okawaru
Sif Muna
Trog
Vehumet
Wu Jian
Yredelemnul
Zin
The Shining One


Innate Abilities, Weirdness & Mutations

Your life essence is reduced to manifest your ancestor. (-10% HP)
You cannot be hasted, slowed, berserked, paralysed or teleported.
You can dig through walls and to a lower floor.
You have a pair of large antennae on your head. (SInv)
Your four strong arms can wield two-handed weapons with a shield.


Message History

You block the wyvern's attack.
You closely miss the wyvern. The wyvern bites you!
* * * LOW HITPOINT WARNING * * *
The wyvern bites you!
* * * LOW HITPOINT WARNING * * *
You are too injured to fight recklessly!
You swap places.
Tenoch barely misses the wyvern.
The wyvern closely misses Tenoch.
You are too injured to fight recklessly!
You are too injured to fight recklessly!
You are too injured to fight recklessly!
Reach: m) +0 scythe (freeze)
Press: ? - help, Dir - move target, f - wyvern
Aim: a wyvern (ally target, about 43% to evade your +0 scythe of freezing)
You reach to attack!
You hit the wyvern but do no damage.
The wyvern bites Tenoch!
Tenoch hits the wyvern.
The wyvern bites Tenoch!!
Tenoch is destroyed!
Reach: m) +0 scythe (freeze)
Press: ? - help, Dir - move target, f/p - wyvern
Aim: a wyvern (lightly wounded, about 43% to evade your +0 scythe of freezing)
You reach to attack!
You hit the wyvern but do no damage.
The wyvern is lightly wounded.
Okay, then.
You closely miss the wyvern.
The wyvern is lightly wounded.
You block the wyvern's attack. The wyvern misses you.
You closely miss the wyvern.
The wyvern is lightly wounded.
The wyvern completely misses you.
You hit the wyvern but do no damage.
The wyvern is lightly wounded.
You block the wyvern's attack. The wyvern bites you!
* * * LOW HITPOINT WARNING * * *
You puncture the wyvern! You freeze the wyvern.
The wyvern is severely wounded.
You block the wyvern's attack.
You hit the wyvern but do no damage.
The wyvern is severely wounded.
The wyvern bites you.
You die...

#### ###... #:#...
#:#._.### #:#...l@#
### ###...#.#
#.#########.#
#.#.#.#####.#
#..<#.......#
#R#.#.#######
#.#.#.# #.#.#.#
#.#.#.#
####################


You could see a wyvern.

Vanquished Creatures
  Grinder (D:3)
  Sigmund (D:3)
  3 water moccasins (D:5)
  An ogre (D:5)
  A black bear (D:6)
  A phantom (D:5)
  Blork the orc (D:5)
  A bullfrog (D:6)
  2 scorpions
  3 wights (D:6)
  A jelly (D:4)
  2 orc priests (D:5)
  2 hounds
  A gnoll bouda (D:4)
  A sleepcap (D:6)
  3 orc wizards
  9 gnolls
  5 adders
  A worm (D:4)
  25 orcs
  3 ball pythons
  3 bats
  7 endoplasms
  2 giant cockroaches
  7 goblins
  5 hobgoblins
  3 quokkas
  7 frilled lizards
  3 kobolds
  8 rats
113 creatures vanquished.

Vanquished Creatures (collateral kills)
  2 orcs (D:6)
2 creatures vanquished.

Vanquished Creatures (others)
  An ancestor (D:6)
1 creature vanquished.

Grand Total: 116 creatures vanquished

Notes
Turn   | Place    | Note
-------+----------+-------------------------------------------
     0 | D:1      | CraigForest the Formicid Fighter began the quest for the
                  | Orb.
     0 | D:1      | Reached XP level 1. HP: 18/18 MP: 1/1
   102 | D:1      | Reached XP level 2. HP: 24/24 MP: 2/2
   780 | D:2      | Reached XP level 3. HP: 29/29 MP: 3/3
  1088 | D:2      | Reached skill level 3 in Polearms
  1088 | D:2      | Reached XP level 4. HP: 32/37 MP: 4/4
  1755 | D:3      | Reached XP level 5. HP: 36/42 MP: 5/5
  1836 | D:3      | Noticed Sigmund
  1851 | D:3      | Killed Sigmund
  1852 | D:3      | Reached skill level 4 in Polearms
  1852 | D:3      | Reached XP level 6. HP: 24/48 MP: 6/6
  1992 | D:3      | Reached skill level 5 in Polearms
  2170 | D:3      | Noticed Grinder
  2183 | D:3      | Killed Grinder
  2184 | D:3      | Reached XP level 7. HP: 33/55 MP: 7/7
  2760 | D:4      | Reached skill level 5 in Armour
  2761 | D:4      | Reached skill level 6 in Polearms
  3616 | D:5      | Entered Level 5 of the Dungeon
  3624 | D:5      | Noticed a water moccasin
  3635 | D:5      | Killed a water moccasin
  3636 | D:5      | Reached skill level 1 in Dodging
  3636 | D:5      | Reached XP level 8. HP: 15/61 MP: 8/8
  4045 | D:5      | Found a staircase to the Ecumenical Temple.
  4045 | D:5      | Noticed Blork the orc
  4052 | D:5      | Killed Blork the orc
  4053 | D:5      | Reached skill level 7 in Polearms
  4070 | Temple   | Entered the Ecumenical Temple
  4147 | Temple   | Became a worshipper of Hepliaklqana the Forgotten
  4311 | D:5      | Found a bloodstained altar of Trog.
  4487 | D:5      | Reached skill level 8 in Polearms
  4591 | D:5      | Reached skill level 5 in Fighting
  4591 | D:5      | Reached skill level 5 in Shields
  4745 | D:6      | Reached XP level 9. HP: 63/68 MP: 9/9
  4902 | D:6      | Reached skill level 9 in Polearms
  4921 | D:6      | Reached * piety under Hepliaklqana
  5098 | D:6      | Found an ornate altar of the Wu Jian Council.
  5210 | D:6      | Found a shimmering blue altar of Sif Muna.
  5223 | D:6      | HP: 2/61 [wyvern (8)]
  5225 | D:6      | Slain by a wyvern

Illustrated notes

Levels and vault maps discovered:
D:1:      sevenhm_arrival_forest_fort_small_4, layout_basic
D:2:      layout_basic
D:3:      layout_basic, guppyfry_early_lair_pool, uniq_grinder, uniq_sigmund
D:4:      layout_basic
D:5:      layout_cave_pools, trog_butcher_becter, minmay_temple_entry_glass,
          uniq_blork_the_orc
D:6:      layout_basic, mainiacjoe_overflow_24_doors,
          nicolae_sif_muna_little_library, hangedman_abyss_or_decor_stabs,
          hangedman_decor_push
Temple:   hellmonk_temple_of_storms

Skill      XL: |  1  2  3  4  5  6  7  8  9 |
---------------+----------------------------+-----
Polearms       | 3 4 5 6 8 9 |  9.4
Fighting       | 4 5 |  5.2
Armour         | 4 5 6 |  6.2
Dodging        | 1 |  1.7
Shields        | 5 |  5.1

Action                     |  1- 3 |  4- 6 |  7- 9 || total
---------------------------+-------+-------+-------++-------
  Melee: Trident           |    67 |    56 |       ||   123
         Halberd           |       |    23 |   266 ||   289
Ability: Dig               |     1 |     1 |     1 ||     3
    Use: Scroll            |     2 |     5 |     7 ||    14
         Potion            |       |       |     2 ||     2
   Stab: Distracted        |       |       |     1 ||     1
 Armour: Scale mail        |    19 |    15 |    73 ||   107
  Dodge: Dodged            |    17 |    21 |    94 ||   132
  Block: Buckler           |    15 |     5 |    85 ||   105

Table legend: (Time is in decaauts)
 A = Elapsed time spent in this place.
 B = Non-inter-level travel time spent in this place.
 C = Inter-level travel time spent in this place.
 D = Time resting spent in this place.
 E = Time spent auto-exploring this place.
 F = Levels seen in this place.
 G = Mean time per level.
                   A        B        C        D        E       F      G
               +--------+--------+--------+--------+--------+-----+--------+
         Total |   5294 |   5213 |     81 |    512 |   3358 |   7 |  756.3 |
       Dungeon |   5204 |   5123 |     81 |    480 |   3358 |   6 |  867.3 |
        Temple |     89 |     89 |      0 |     32 |      0 |   1 |   89.0 |
               +--------+--------+--------+--------+--------+-----+--------+

Top non-repeatable levels by time:
     D:4: 1105 daAuts
     D:3: 1093 daAuts
     D:5: 1013 daAuts
     D:1: 745 daAuts
     D:2: 717 daAuts
     D:6: 528 daAuts
  Temple: 89 daAuts
